 Dungeon Sprint DCSS version 0.25.1-2-g60ff931df9 (webtiles) character file.

Game seed: 17513476856886866110

646 Allula97 the Nimble (level 7, -2/63 HPs)
             Began as a Demonspawn Monk on Nov 16, 2020.
             Was a Priest of Okawaru.
             Slain by an unseen horror (6 damage)
             ... in the Dungeon (Sprint IX: "|||||||||||||||||||||||||||||").
             The game lasted 00:04:03 (446 turns).

Allula97 the Nimble (Demonspawn Monk)                Turns: 446, Time: 00:04:04

Health: -2/63      AC: 14    Str: 13    XL:     7   Next: 27%
Magic:  7/7        EV:  7    Int: 11    God:    Okawaru [***...]
Gold:   0          SH:  0    Dex: 22    Spells: 6/6 levels left

rFire    . . .     SeeInvis .     - Unarmed
rCold    . . .     Gourm    .   (no shield)
rNeg     . . .     Faith    .   o - +0 plate armour
rPois    .         Spirit   .   n - +0 helmet
rElec    .         Reflect  .   (no cloak)
rCorr    .         Harm     .   (no gloves)
MR       .....     NoTele   +   m - +0 pair of boots
Stlth    ..........             (no amulet)
HPRegen  0.20/turn              p - +3 ring of dexterity
MPRegen  0.10/turn              q - +3 ring of dexterity

@: berserk cooldown, very slightly contaminated, slowed, invisible, very slow
A: claws 2, talons 2
a: Heroism, Renounce Religion


You were in the Dungeon.
You worshipped Okawaru.
Okawaru was most pleased with you.
You were not hungry.

You visited 1 branch

Inventory:

Armour
 m - a +0 pair of boots (worn)
 n - a +0 helmet (worn)
 o - a +0 plate armour (worn)
Jewellery
 p - a +3 ring of dexterity (left claw)
 q - a +3 ring of dexterity (right claw)
Wands
 l - a wand of iceblast (10)
Scrolls
 i - 2 scrolls of blinking
 j - 3 scrolls of remove curse
 k - 2 scrolls of amnesia
Potions
 f - 2 potions of curing
 g - 4 potions of magic
Comestibles
 c - a ration


   Skills:
 * Level 8.6 Fighting
   Level 6.3 Long Blades
 * Level 5.3 Armour
 * Level 8.6 Dodging
 - Level 2.2 Stealth
 * Level 5.0 Unarmed Combat
 + Level 0.4 Invocations


You had 6 spell levels left.
You didn't know any spells.
Your spell library was empty.

Dungeon Overview and Level Annotations

Branches:
Dungeon (1/1)

Altars:
Cheibriados
Dithmenos
Elyvilon
Fedhas
Gozag
Hepliaklqana
Kikubaaqudgha
Makhleb
Nemelex Xobeh
Okawaru
Qazlal
Ru
Sif Muna
Trog
Uskayaw
Vehumet
Wu Jian
Xom
Yredelemnul
Zin
The Shining One
Beogh
Jiyva
Lugonu


Innate Abilities, Weirdness & Mutations

You have very sharp fingernails.
You have razor-sharp toenails.


Message History

Your demonic ancestry asserts itself...
Your toenails lengthen and sharpen.
Something hits you but does no damage.
Deactivating autopickup; reactivate with Ctrl-A.
Something hits you.
* * * LOW HITPOINT WARNING * * *
Something hits you but does no damage.
You claw something! You claw something. Something hits you.
* * * LOW HITPOINT WARNING * * *
Something hits you but does no damage. x2
Something hits you.
* * * LOW HITPOINT WARNING * * *
Something completely misses you.
You feel better. Something hits you!
* * * LOW HITPOINT WARNING * * *
You scratch something but do no damage. Something hits you.
* * * LOW HITPOINT WARNING * * *
Something hits you but does no damage.
You closely miss something. Something hits you.
You die... ▓▓▓▓▓▓▓▓▓▓▓▓▓▓▓▓▓▓▓▓▓▓ +....@.[[....)|..'____ ▓▓▓▓▓▓▓▓▓▓▓▓▓▓▓▓▓▓▓▓▓▓

There were no monsters in sight!

Vanquished Creatures
  A troll (D)
  A yak (D)
  A centaur (D)
  A bullfrog (D)
  A crimson imp (D)
  A hound (D)
  A jelly (D)
  An iguana (D)
  A worker ant (D)
  A leopard gecko (D)
  A goblin (D)
  A hobgoblin (D)
  2 kobolds (D)
  A rat (D)
15 creatures vanquished.

Notes
Turn   | Place    | Note
-------+----------+-------------------------------------------
     0 | D        | Allula97 the Demonspawn Monk began the quest for the Orb.
     0 | D        | Reached XP level 1. HP: 18/18 MP: 1/1
    29 | D        | Noticed a hound
    29 | D        | Noticed a centaur
    29 | D        | Noticed an iguana
    29 | D        | Noticed a crimson imp
    43 | D        | Killed an iguana
    43 | D        | Gained mutation: You have sharp toenails. [demonic
                  | ancestry]
    43 | D        | Reached XP level 2. HP: 15/26 MP: 2/2
    43 | D        | Reached XP level 3. HP: 18/31 MP: 3/3
    56 | D        | Killed a centaur
    56 | D        | Reached skill level 5 in Fighting
    56 | D        | Reached skill level 5 in Long Blades
    56 | D        | Reached skill level 1 in Armour
    56 | D        | Reached skill level 5 in Dodging
    56 | D        | Reached XP level 4. HP: 15/39 MP: 4/4
    58 | D        | Gained mutation: You have sharp fingernails. [demonic
                  | ancestry]
    58 | D        | Reached XP level 5. HP: 13/46 MP: 5/5
    83 | D        | Reached skill level 1 in Unarmed Combat
   299 | D        | Found a roughly hewn altar of Beogh.
   299 | D        | Found a snail-covered altar of Cheibriados.
   299 | D        | Found a shadowy altar of Dithmenos.
   299 | D        | Found a white marble altar of Elyvilon.
   299 | D        | Found a blossoming altar of Fedhas.
   299 | D        | Found an opulent altar of Gozag.
   300 | D        | Found a hazy altar of Hepliaklqana.
   301 | D        | Found a viscous altar of Jiyva.
   302 | D        | Found an ancient bone altar of Kikubaaqudgha.
   303 | D        | Found a corrupted altar of Lugonu.
   304 | D        | Found a burning altar of Makhleb.
   305 | D        | Found a sparkling altar of Nemelex Xobeh.
   306 | D        | Found an iron altar of Okawaru.
   307 | D        | Found a stormy altar of Qazlal.
   308 | D        | Found a sacrificial altar of Ru.
   309 | D        | Found a shimmering blue altar of Sif Muna.
   310 | D        | Found a bloodstained altar of Trog.
   311 | D        | Found a hide-covered altar of Uskayaw.
   312 | D        | Found a radiant altar of Vehumet.
   313 | D        | Found an ornate altar of the Wu Jian Council.
   314 | D        | Found a shimmering altar of Xom.
   315 | D        | Found a basalt altar of Yredelemnul.
   316 | D        | Found a glowing silver altar of Zin.
   317 | D        | Found a glowing golden altar of the Shining One.
   340 | D        | Became a worshipper of Warmaster Okawaru
   340 | D        | Reached * piety under Okawaru
   340 | D        | Reached ** piety under Okawaru
   397 | D        | Noticed a yak
   397 | D        | Noticed a troll
   408 | D        | Killed a troll
   408 | D        | Gained mutation: You have very sharp fingernails. [demonic
                  | ancestry]
   408 | D        | Reached XP level 6. HP: 38/56 MP: 3/6
   415 | D        | Reached *** piety under Okawaru
   441 | D        | Killed a yak
   441 | D        | Reached skill level 5 in Armour
   441 | D        | Reached skill level 5 in Unarmed Combat
   441 | D        | Gained mutation: You have razor-sharp toenails. [demonic
                  | ancestry]
   441 | D        | Reached XP level 7. HP: 15/63 MP: 7/7
   446 | D        | Slain by an unseen horror

Illustrated notes

Levels and vault maps discovered:
D:        linesprint [early_d, line_temple, items_1, d_10, items_2, lair_1,
          lair_end, items_3, orc_1, orc_end, items_4, d_15, swamp_1, shoals_1,
          snake_1, spider_1, d_20, vaults_1, items_5, swamp_end, shoals_end,
          snake_end, spider_end, vaults_end, d_27, items_6, zot_1, zot_end,
          crypt_end, forest_end, elf_end, slime_end, tomb_end, abyss_end,
          pan_hell_end]

Skill      XL: |  1  2  3  4  5  6 |
---------------+-------------------+-----
Long Blades    | 4 5 6 |  6.3
Dodging        | 4 5 7 8 |  8.6
Stealth        | 2 |  2.2
Fighting       | 4 5 7 8 |  8.6
Armour         | 1 2 4 5 |  5.3
Unarmed Combat | 3 5 |  5.0
Invocations    | |  0.4

Action                   |  1- 3 |  4- 6 |  7- 9 || total
-------------------------+-------+-------+-------++-------
Melee: Falchion          |    34 |     2 |       ||    36
       Kick              |     5 |     7 |       ||    12
       Unarmed           |       |    52 |     3 ||    55
       Punch             |       |     1 |     1 ||     2
Invok: Heroism           |       |     1 |       ||     1
  Use: Potion            |     3 |     5 |     1 ||     9
 Stab: Sleeping          |     1 |       |       ||     1
       Invisible         |       |     1 |       ||     1
Armor: Robe              |     3 |     4 |       ||     7
       Plate armour      |       |    22 |     5 ||    27
Dodge: Dodged            |    21 |    21 |     1 ||    43
       Rpst.: Falchion   |     5 |     1 |       ||     6
